 Dungeon Crawl Stone Soup version 0.30-a0-475-g03497ec522 (webtiles) character file.

Game seed: 7627994806826716874

29 tilp the Covered (level 3, 0/31 HPs)
             Began as a Meteoran Fighter on Dec 20, 2022.
             Slain by Sigmund
             ... wielding a +3 scythe
              (6 damage)
             ... on level 2 of the Dungeon.
             The game lasted 00:01:37 (269 turns).

tilp the Covered (Meteoran Fighter)                  Turns: 269, Time: 00:01:37

Health: 0/31       AC:  7    Str: 17    XL:     3   Next: 52%
Magic:  4/4        EV:  9    Int:  9    God:
Gold:   70         SH:  5    Dex: 16    Spells: 2/2 levels left

rFire   . . .      SeeInvis .    a - +0 long sword
rCold   . . .      Faith    .    c - +0 buckler
rNeg    . . .      Spirit   .    b - +0 scale mail
rPois   .          Reflect  .    (no helmet)
rElec   .          Harm     .    (no cloak)
rCorr   .          Rampage  .    (no gloves)
Will    .....                    (no boots)
Stlth   ..........               (no amulet)
HPRegen 0.25/turn                (no ring)
MPRegen 0.09/turn                (no ring)

@: glowing
A: sense surroundings 1, otherworldly, glowing, explore regen
a: no special abilities


You were on level 2 of the Dungeon.
You visited 1 branch of the dungeon, and saw 2 of its levels.

You collected 70 gold pieces.

Inventory:

Hand Weapons
 a - a +0 long sword (weapon)
Missiles
 h - 3 javelins (quivered)
Armour
 b - a +0 scale mail (worn)
 c - a +0 buckler (worn)
Scrolls
 d - a scroll of silence {unknown}
 e - a scroll of blinking {unknown}
 f - a scroll of torment {unknown}
 g - a scroll of butterflies {unknown}
Potions
 i - 2 potions of resistance {unknown}
 j - 2 potions of haste {unknown}


   Skills:
 + Level 3.4 Fighting
 + Level 2.7 Long Blades
 + Level 3.8 Armour
 * Level 1.8 Dodging
 + Level 0.5 Stealth
 + Level 3.8 Shields


You had 2 spell levels left.
You didn't know any spells.
Your spell library was empty.

Dungeon Overview and Level Annotations

Branches:
Dungeon (2/15) Zot: 917

Altars:

Annotations:
D:2 Sigmund


Innate Abilities, Weirdness & Mutations

You passively map a small area around you.
You are easily found by Zot.
You glow in the dark.
You regain HP and MP as you explore.


Message History

You are confused.
Sigmund barely misses you.
You're too confused to move!
Sigmund gestures at you while chanting. You resist with some effort.
You hit Sigmund.
Sigmund is lightly wounded.
Sigmund hits you with a +3 scythe.
You barely miss Sigmund.
Sigmund is lightly wounded.
Sigmund screams, "I am the angel of ZOT!!!"
Sigmund hits you but does no damage. Sigmund barely misses you.
You feel less confused. You block Sigmund's attack.
You barely miss Sigmund.
Sigmund is lightly wounded.
Sigmund hits you with a +3 scythe.
You barely miss Sigmund.
Sigmund is lightly wounded.
Sigmund hits you with a +3 scythe.
You closely miss Sigmund.
Sigmund is lightly wounded.
Sigmund hits you with a +3 scythe!
You completely miss Sigmund.
Sigmund is lightly wounded.
Sigmund hits you but does no damage.
You hit Sigmund.
Sigmund is lightly wounded.
Sigmund hits you but does no damage.
You closely miss Sigmund.
Sigmund is lightly wounded.
Sigmund hits you with a +3 scythe!
* * * LOW HITPOINT WARNING * * *
You slash Sigmund!
Sigmund is heavily wounded.
You hit Sigmund.
Sigmund is heavily wounded.
Sigmund hits you with a +3 scythe.
You die...

* * , *
########### .
#.........##...
,
#..............
* ,
#......(.......,
*
#..............
,
#...@@.........
, , ,
#............. ,
#.........##..,
, , ###+#+..).##
, ....#+....# ,
, .....#....# *
* ...........+ ,
, ..........# ,
.^.^^....# * * *


You could see Sigmund.

Vanquished Creatures
  2 adders (D:2)
  A ball python (D:1)
  3 bats (D:1)
  2 endoplasms (D:2)
  2 kobolds
10 creatures vanquished.

Notes
Turn   | Place    | Note
-------+----------+-------------------------------------------
     0 | D:1      | tilp the Meteoran Fighter began the quest for the Orb.
     0 | D:1      | Reached XP level 1. HP: 19/19 MP: 2/2
    89 | D:1      | Reached XP level 2. HP: 26/26 MP: 3/3
   150 | D:2      | Reached skill level 1 in Dodging
   182 | D:2      | Reached XP level 3. HP: 12/31 MP: 4/4
   249 | D:2      | Noticed Sigmund
   269 | D:2      | Slain by Sigmund

Illustrated notes

Levels and vault maps discovered:
D:1:      matt_arrival_grand_opening, layout_basic, st_stairs_7
D:2:      layout_basic, shapermc_ecumenical_altar_rom_forum, uniq_natasha,
          uniq_sigmund

Skill      XL: |  1  2 |
---------------+-------+-----
Dodging        | 1 |  1.8
Fighting       | |  3.4
Long Blades    | |  2.7
Armour         | |  3.8
Stealth        | |  0.5
Shields        | |  3.8

Action                   || total
-------------------------++-------
Melee: Long sword        ||    37
  Use: Potion            ||     1
Armor: Scale mail        ||    21
Dodge: Dodged            ||    11
Block: Buckler           ||    11

Table legend: (Time is in decaauts)
 A = Elapsed time spent in this place.
 B = Non-inter-level travel time spent in this place.
 C = Inter-level travel time spent in this place.
 D = Time resting spent in this place.
 E = Time spent auto-exploring this place.
 F = Levels seen in this place.
 G = Mean time per level.
                   A        B        C        D        E       F      G
               +--------+--------+--------+--------+--------+-----+--------+
         Total |    280 |    280 |      0 |      0 |      0 |   2 |  140.0 |
       Dungeon |    280 |    280 |      0 |      0 |      0 |   2 |  140.0 |
               +--------+--------+--------+--------+--------+-----+--------+

Top non-repeatable levels by time:
     D:2: 160 daAuts
     D:1: 120 daAuts
